 Dungeon Crawl Stone Soup version 0.20.1-1-g8b1a95d (console) character file.

91 hilaritas the Grave Robber (level 4, 0/39 HPs)
             Began as a Deep Dwarf Necromancer on Jan 26, 2018.
             Slain by a gnoll
             ... wielding a +0 spear
              (1 damage)
             ... on level 2 of the Dungeon.
             The game lasted 00:07:37 (1471 turns).

hilaritas the Grave Robber (Deep Dwarf Necromancer) Turns: 1471, Time: 00:07:38

Health: 0/39       AC:  2    Str: 11    XL:     4   Next: 33%
Magic:  0/7        EV: 13    Int: 17    God:
Gold:   91         SH:  0    Dex: 13    Spells: 4/8 levels left

rFire    . . .     SeeInvis +   k - +0 hand axe
rCold    . . .     Gourm    .   (no shield)
rNeg     . . .     Faith    .   a - +0 robe
rPois    +         Spirit   .   (no helmet)
rElec    .         Reflect  .   (no cloak)
rCorr    .         Harm     .   (no gloves)
MR       .....                  (no boots)
Stlth    ++........             (no amulet)
Regen    0.0/turn               d - ring of see invisible
MPRegen  0.1/turn               j - ring of poison resistance

@: non-regenerating
A: damage resistance, heal wounds, sense surroundings 1, no regeneration
a: Heal Wounds


You were on level 2 of the Dungeon.
You were hungry.

You visited 1 branch of the dungeon, and saw 2 of its levels.

You collected 91 gold pieces.

Inventory:

Hand Weapons
 k - a +0 hand axe (weapon)
Missiles
 f - 68 stones (quivered)
Armour
 a - a +0 robe (worn)
Jewellery
 d - a ring of see invisible (left hand)
 j - a ring of poison resistance (right hand)
Scrolls
 i - a scroll of remove curse
 m - a scroll of fear
Potions
 e - a potion of degeneration {unknown}
 h - 3 potions of ambrosia
Books
 b - a book of Necromancy

   Spells                             Type                      Level
   a - Pain                           Necromancy                   1
   b - Animate Skeleton               Necromancy                   1
   c - Vampiric Draining              Necromancy                   3
   d - Regeneration                   Charms/Necromancy            3
   e - Animate Dead                   Necromancy                   4
   f - Control Undead                 Necromancy                   4
Comestibles
 c - 2 bread rations
 g - a royal jelly
 l - a chunk of flesh


   Skills:
 * Level 1.6 Fighting
 + Level 2.8 Dodging
 - Level 2.4 Stealth
 + Level 2.5 Spellcasting
 - Level 5.0 Necromancy


You had 4 spell levels left.
You knew the following spells:

 Your Spells              Type           Power        Failure   Level  Hunger
a - Pain                  Necr           ###.         2%          1    #......
b - Vampiric Draining     Necr           ###.......   7%          3    ###....


Dungeon Overview and Level Annotations

Branches:
Dungeon (2/15)

Altars:
Xom


Innate Abilities, Weirdness & Mutations

You are resistant to damage.
You can heal yourself by infusing magical energy.
You passively map a small area around you.
You do not regenerate.


Message History

You kill the kobold!
The leopard gecko bites you.
You hit the leopard gecko but do no damage.
The gnoll closely misses you. The leopard gecko closely misses you.
The gnoll hits you but does no damage.
You hit the leopard gecko.
The leopard gecko is moderately wounded.
The leopard gecko bites you. The gnoll closely misses you.
The leopard gecko barely misses you.
You hit the leopard gecko.
You kill the leopard gecko!
The gnoll closely misses you.
Unknown command.
Unknown command.
You see here a stone.
The gnoll closely misses you.
You hit the gnoll but do no damage. The gnoll hits you with a spear!
* * * LOW HITPOINT WARNING * * *
The gnoll hits you with a spear.
You die...

* * * *, , * , *
, * . , .# * * ,
g. , ..# , ,,
,.ll ###..#
..###....# *
<>..#.# #....#
#####l.## ,
#(@gg...# * *
####.###.#.######
* *#######....#
#>........ .
#.....#.####
#.........
###..#.......#
#.........
............##
#......... ###
#.......#
#..)......,
#.......#
##.........,
#####..####.#
#..####.###
...##..# #..#
#.#* .#
##.....###.## #.#
##.##


You could see 2 gnolls and a frilled lizard (wandering).

Vanquished Creatures
  4 adders (D:2)
  2 gnolls (D:2)
  3 worms (D:2)
  2 dart slugs (D:1)
  A leopard gecko (D:2)
  A ball python (D:1)
  2 giant cockroaches
  2 hobgoblins
  3 bats
  A frilled lizard (D:1)
  2 kobolds
  5 rats (D:1)
28 creatures vanquished.

Notes
Turn   | Place    | Note
-------+----------+-------------------------------------------
     0 | D:1      | hilaritas the Deep Dwarf Necromancer began the quest for the Orb.
     0 | D:1      | Reached XP level 1. HP: 15/15 MP: 3/3
   331 | D:1      | Reached XP level 2. HP: 14/24 MP: 0/4
   468 | D:1      | Found a hazy altar of Hepliaklqana.
   824 | D:1      | Found a shimmering altar of Xom.
   824 | D:1      | Found a shattered altar of Ashenzari.
   826 | D:1      | Found a glowing golden altar of the Shining One.
   826 | D:1      | Found an ancient bone altar of Kikubaaqudgha.
   826 | D:1      | Found an iron altar of Okawaru.
   922 | D:2      | Reached skill level 1 in Fighting
   922 | D:2      | Reached skill level 5 in Necromancy
   963 | D:2      | Reached XP level 3. HP: 22/31 MP: 0/5
   968 | D:2      | Learned a level 3 spell: Vampiric Draining
  1371 | D:2      | Reached XP level 4. HP: 25/38 MP: 1/7
  1471 | D:2      | HP: 1/39 [gnoll/spear (7)]
  1471 | D:2      | Slain by a gnoll

Skill      XL: |  1  2  3 |
---------------+----------+-----
Fighting       | 1 |  1.6
Necromancy     | 5 |  5.0
Spellcasting   | 2 |  2.5
Dodging        | |  2.8
Stealth        | |  2.4

Action                   |  1- 3 |  4- 6 || total
-------------------------+-------+-------++-------
Melee: Unarmed           |    59 |       ||    59
       Hand axe          |    10 |    20 ||    30
 Cast: Pain              |    53 |     4 ||    57
       Vampiric Draining |     3 |     1 ||     4
 Abil: Heal Wounds       |     1 |       ||     1
  Use: Scroll            |     6 |       ||     6
  Eat: Chunk             |     3 |       ||     3
Armor: Robe              |    13 |     1 ||    14
Dodge: Dodged            |    47 |    24 ||    71
